 Dungeon Crawl Stone Soup version 0.28.0 (webtiles) character file.

Game seed: 14935192023355745643

2809 Minsecho the Basher (level 9, -15/145 HPs)
             Began as an Ogre Berserker on Feb 15, 2022.
             Was a Priest of Trog.
             Demolished by Harold (17 damage)
             ... on level 8 of the Dungeon.
             The game lasted 00:11:24 (8329 turns).

Minsecho the Basher (Ogre Berserker)                Turns: 8329, Time: 00:11:25

Health: -15/145    AC:  5    Str: 23    XL:     9   Next: 72%
Magic:  9/9        EV: 12    Int:  8    God:    Trog [***...]
Gold:   27         SH:  0    Dex: 17    Spells: 8/8 levels left

rFire   + . .      SeeInvis .   K - +3 broad axe (vamp)
rCold   + . .      Faith    .   (no shield)
rNeg    . . .      Spirit   .   y - +2 robe {Will+}
rPois   .          Reflect  .   (helmet restricted)
rElec   .          Harm     .   (no cloak)
rCorr   .          Rampage  .   (gloves unavailable)
Will    +....                   (boots unavailable)
Stlth   ..........              q - amulet of the acrobat
HPRegen 0.34/turn               i - ring of protection from fire
MPRegen 0.11/turn               I - ring of the Purple Skies {rC+ Dex+5}

@: berserking (expiring), marked, very quick
A: large, unfitting armour, tough skin 1
a: Renounce Religion, Berserk, Trog's Hand


You were on level 8 of the Dungeon.
You worshipped Trog.
Trog was most pleased with you.
You visited 1 branch of the dungeon, and saw 8 of its levels.

You collected 377 gold pieces.
You spent 350 gold pieces at shops.

Inventory:

Hand Weapons
 a - a +0 mace
 l - a +2 flail of protection
 t - a +1 vorpal flail
 v - a +2 vorpal dire flail
 B - a +0 vampiric whip
 K - a +3 vampiric broad axe (weapon)
Missiles
 o - 3 throwing nets (quivered)
Armour
 b - a +0 animal skin
 y - a +2 robe of willpower (worn)
Jewellery
 i - a ring of protection from fire (left hand)
 q - an amulet of the acrobat (around neck)
 x - an amulet of faith
 D - a ring of flight
 I - the ring of the Purple Skies (right hand) {rC+ Dex+5}
   (You found it on level 8 of the Dungeon)

   [ring of protection from cold]

   Dex:       It affects your dexterity (+5).
   rC:        It protects you from cold.
Wands
 j - a wand of flame (37)
 r - a wand of iceblast (10)
 E - a wand of acid (7)
Scrolls
 c - 2 scrolls of enchant armour {unknown}
 d - a scroll of silence {unknown}
 g - a scroll of acquirement {unknown}
 h - a scroll of vulnerability {unknown}
 w - 2 scrolls of blinking {unknown}
 A - 4 scrolls of fog {unknown}
 C - 3 scrolls of teleportation
 H - a scroll of enchant weapon {unknown}
Potions
 e - a potion of resistance
 f - a potion of cancellation
 k - a potion of degeneration
 m - 2 potions of lignification
 n - a potion of flight
 p - 2 potions of heal wounds
 s - 3 potions of curing
 u - a potion of invisibility {unknown}
 z - 2 potions of attraction {unknown}
 F - a potion of brilliance {unknown}
 G - a potion of berserk rage {unknown}
 J - a potion of haste {unknown}


   Skills:
 + Level 8.9 Fighting
 + Level 9.3 Maces & Flails
 + Level 5.4 Dodging
 + Level 2.9 Stealth


You had 8 spell levels left.
You didn't know any spells.
Your spell library was empty.

Dungeon Overview and Level Annotations

Branches:
Dungeon (8/15)             Temple (0/1) D:5
   Lair: D:8-11

Altars:
Elyvilon
Ru
Vehumet

Shops:
D:1 !   D:8 *

Annotations:
D:8 Harold


Innate Abilities, Weirdness & Mutations

You are too large for most types of armour.
You have tough skin. (AC +1)


Message History

Space warps around you.
* * * LOW HITPOINT WARNING * * *
A red film seems to cover your vision as you go berserk!
You feel yourself moving faster!
You feel mighty!
Harold hits you with a +2 flail of distortion.
* * * LOW HITPOINT WARNING * * *
You barely miss Harold. Harold closely misses you.
You closely miss Harold. Harold barely misses you.
You barely miss Harold. Harold barely misses you.
You slash Harold!
You feel better.
Harold is lightly wounded.
You hit Harold.
You feel better.
Harold is moderately wounded.
Harold hits you with a +2 flail of distortion!!
* * * LOW HITPOINT WARNING * * *
You hit Harold.
Harold is moderately wounded.
Harold points at you and mumbles some strange words.
You barely resist. You hit Harold.
Harold is moderately wounded.
Harold casts a spell at you. A sentinel's mark forms upon you.
You slash Harold!
Harold is moderately wounded.
Harold hits you with a +2 flail of distortion.
* * * LOW HITPOINT WARNING * * *
Space warps horribly around you!
* * * LOW HITPOINT WARNING * * *
You slash Harold!
Harold is heavily wounded.
Harold says, "Listen, it's nothing personal.
It's just a job."
Harold hits you with a +2 flail of distortion!
* * * LOW HITPOINT WARNING * * *
Space warps around you.
* * * LOW HITPOINT WARNING * * *
You hit Harold but do no damage.
Harold is heavily wounded.
Harold hits you with a +2 flail of distortion!
You die...

#..## ...
#.## ##.#
###.<#
#...##
#....###
###..#
##..#
#@..#
#@.......#
#.######..
.. #.. #..
..# .##


You could see Harold.

Vanquished Creatures
  Pikel (D:3)
  A hornet (D:8)
  Eustachio (D:5)
  Edmund (D:4)
  Duvessa (D:7)
  A water moccasin (D:7)
  An orc warrior (D:7)
  2 sky beasts
  An ice beast (D:7)
  3 ogres
  A scorpion (D:5)
  A water moccasin skeleton (D:4)
  Dowan (D:7)
  2 howler monkeys (D:4)
  4 hounds
  2 jellies (D:5)
  2 orc priests
  3 bullfrog skeletons
  4 iguanas
  3 orc wizards
  2 killer bee zombies
  A hound skeleton (D:5)
  A howler monkey skeleton (D:5)
  15 gnolls
  A howler monkey zombie (D:7)
  6 adders
  2 shadow imps
  A white imp (D:7)
  An ufetubus (D:4)
  An adder skeleton (D:4)
  5 dart slugs
  17 orcs
  6 endoplasms
  2 giant cockroaches (D:2)
  8 hobgoblins
  4 jackals (D:2)
  5 quokkas
  5 ball pythons
  3 bats
  10 frilled lizards
  3 goblins
  4 kobolds
  2 rats
141 creatures vanquished.

Vanquished Creatures (others)
  5 plants (D:4)
5 creatures vanquished.

Grand Total: 146 creatures vanquished

Notes
Turn   | Place    | Note
-------+----------+-------------------------------------------
     0 | D:1      | Minsecho the Ogre Berserker began the quest for the Orb.
     0 | D:1      | Reached XP level 1. HP: 24/24 MP: 1/1
   146 | D:1      | Found Kalail's Distillery.
   544 | D:1      | Found a faded altar of an unknown god.
  1098 | D:2      | Reached skill level 3 in Maces & Flails
  1098 | D:2      | Reached XP level 2. HP: 23/33 MP: 2/2
  1496 | D:2      | Reached XP level 3. HP: 37/40 MP: 3/3
  2231 | D:2      | Reached XP level 4. HP: 48/49 MP: 4/4
  2501 | D:3      | Reached ** piety under Trog
  2927 | D:3      | Reached skill level 5 in Fighting
  2927 | D:3      | Reached skill level 1 in Stealth
  2931 | D:3      | Reached XP level 5. HP: 54/57 MP: 5/5
  3294 | D:4      | Reached skill level 4 in Maces & Flails
  3620 | D:3      | Reached XP level 6. HP: 57/66 MP: 6/6
  3662 | D:4      | Noticed Pikel
  3681 | D:3      | Killed Pikel
  3682 | D:3      | Reached skill level 5 in Maces & Flails
  3682 | D:3      | Reached XP level 7. HP: 68/76 MP: 7/7
  3839 | D:4      | Reached skill level 6 in Maces & Flails
  4127 | D:4      | Reached XP level 8. HP: 74/84 MP: 8/8
  4241 | D:4      | Reached *** piety under Trog
  4402 | D:4      | Noticed Edmund
  4415 | D:4      | Killed Edmund
  4416 | D:4      | Reached skill level 7 in Maces & Flails
  4747 | D:5      | Entered Level 5 of the Dungeon
  4921 | D:5      | Found a staircase to the Ecumenical Temple.
  5206 | D:5      | Found a sacrificial altar of Ru.
  5207 | D:5      | Found a radiant altar of Vehumet.
  5207 | D:5      | Noticed Eustachio
  5214 | D:5      | Killed Eustachio
  5892 | D:6      | Found a faded altar of an unknown god.
  5903 | D:6      | Reached skill level 8 in Maces & Flails
  5903 | D:6      | Reached XP level 9. HP: 94/94 MP: 9/9
  5995 | D:6      | Reached skill level 5 in Dodging
  6666 | D:7      | Found a white marble altar of Elyvilon.
  7019 | D:7      | Found Taptulep's Armour Boutique.
  7783 | D:7      | Reached skill level 9 in Maces & Flails
  7890 | D:7      | Noticed Duvessa
  7903 | D:7      | Killed Duvessa
  7907 | D:7      | Noticed Dowan
  7914 | D:7      | Killed Dowan
  8151 | D:8      | Found Ixewk's General Store.
  8153 | D:8      | Identified the ring of the Purple Skies {rC+ Dex+5}
  8160 | D:8      | Noticed a hornet
  8164 | D:8      | Paralysed by a hornet for 2 turns
  8169 | D:8      | Killed a hornet
  8211 | D:8      | Bought 2 potions of curing for 60 gold pieces
  8294 | D:8      | Bought a +3 vampiric broad axe for 290 gold pieces
  8312 | D:8      | Noticed Harold
  8328 | D:8      | HP: 2/145 [Harold (11)]
  8329 | D:8      | Demolished by Harold

Illustrated notes

Levels and vault maps discovered:
D:1:      dpeg_arrival_windows_large_door, layout_rooms,
          shapermc_ecumenical_altar_acropolis, serial_glass, glass_columns_a,
          glass_columns_b, serial_shops, shop, chequers_big_river
D:2:      layout_loops_corners
D:3:      layout_rooms
D:4:      minmay_clustersquares, layout_loops_cross, minmay_lizard_king,
          uniq_pikel, uniq_edmund
D:5:      layout_basic, gammafunk_temple_overflow_pools,
          minmay_temple_entry_stoned_glass, uniq_eustachio
D:6:      layout_cave_pools, serial_column_ruins, column_ruins_temple_hall,
          column_ruins_square_medium, column_ruins_open_medium,
          column_ruins_open_tiny, column_ruins_grid_1, column_ruins_grid_1
D:7:      layout_basic, elyvilon_altar_5, serial_shops,
          nicolae_shop_behind_doors, uniq_duvessa
D:8:      layout_rooms, serial_shops, nicolae_stop_n_shop_1,
          ebering_ghost_funeral_grove, uniq_harold

Skill      XL: |  1  2  3  4  5  6  7  8  9 |
---------------+----------------------------+-----
Maces & Flails | 3 4 5 6 8 9 |  9.3
Dodging        | 3 4 5 |  5.4
Fighting       | 5 6 7 8 |  8.9
Stealth        | 1 2 |  2.9

Action                   |  1- 3 |  4- 6 |  7- 9 || total
-------------------------+-------+-------+-------++-------
Melee: Mace              |    98 |    29 |       ||   127
       Punch             |     1 |     3 |     1 ||     5
       Flail             |       |    66 |   112 ||   178
       Dire flail        |       |       |   176 ||   176
       Broad axe         |       |       |    13 ||    13
Invok: Berserk           |       |     2 |     3 ||     5
  Use: Scroll            |       |     3 |     4 ||     7
 Stab: Sleeping          |     2 |     1 |     4 ||     7
       Distracted        |       |       |     1 ||     1
Armor: Animal skin       |    31 |    33 |    71 ||   135
       Robe              |       |       |     2 ||     2
Dodge: Dodged            |    57 |    64 |   146 ||   267
